 Dungeon Crawl Stone Soup version 0.25-a0-583-g696c2ac64d (webtiles) character file.

Game seed: 9218003014737780949, levelgen mode: deterministic

65972 Dustman the Warrior (level 15, -1/108 HPs)
             Began as a Barachi Gladiator on Mar 8, 2020.
             Was a High Priest of Makhleb.
             Succumbed to a green very ugly thing's poison
             ... on level 3 of the Abyss.
             The game lasted 04:10:12 (18293 turns).

Dustman the Warrior (Barachi Gladiator)            Turns: 18293, Time: 04:10:13

Health: -1/108     AC: 16    Str: 16    XL:     15   Next: 18%
Magic:  20/27      EV: 15    Int: 19    God:    Makhleb [*****.]
Gold:   461        SH: 14    Dex:  9    Spells: 26/30 levels left

rFire    + . .     SeeInvis .   o - +8 mithril axe "Arga" {speed, MR+}
rCold    + . .     Gourm    .   H - +2 shield of Resistance {rF+ rC+ MR+}
rNeg     . . .     Faith    +   l - +4 steam dragon scales
rPois    .         Spirit   .   C - +2 helmet
rElec    +         Reflect  .   Q - scarf {repulsion}
rCorr    +         Harm     .   s - +0 pair of gloves
MR       +++..                  w - +1 pair of boots
Stlth    ++........             A - amulet of faith
HPRegen  0.28/turn              G - +2 ring of slaying
MPRegen  0.20/turn              L - ring "Ziebbajien" {rElec rCorr Int+4}

@: lethally poisoned (-1 -> -198), can't hop, very slightly contaminated, repel
missiles, slow
A: +LOS, swims, [clumsy 2], [frail 2], slowness 1, [no potion heal 2], strong
legs 2
a: Hop, Minor Destruction, Lesser Servant of Makhleb, Major Destruction, Greater
Servant of Makhleb, Renounce Religion


You were on level 3 of the Abyss.
You worshipped Makhleb.
Makhleb was extremely pleased with you.
You were not hungry.

You visited 4 branches of the dungeon, and saw 23 of its levels.
You visited the Abyss 1 time.
You also visited: Gauntlet and Volcano.

You collected 2468 gold pieces.
You spent 2007 gold pieces at shops.

Inventory:

Hand Weapons
 a - a +3 quarterstaff
 o - the +8 mithril axe "Arga" (weapon) {speed, MR+}
   (You bought it in a shop on level 2 of the Orcish Mines)

   Attacks with this weapon are significantly faster.
   It affects your resistance to hostile enchantments.
 J - a +2 scimitar of flaming
Missiles
 j - 2 throwing nets (quivered)
 u - 20 javelins
 x - 17 silver boomerangs
Armour
 l - +4 steam dragon scales (worn)
 s - a +0 pair of gloves (worn)
 w - a +1 pair of boots (worn)
 C - a +2 helmet (worn)
 H - the +2 shield of Resistance (worn) {rF+ rC+ MR+}
   (You bought it in a shop on level 10 of the Dungeon)

   It protects you from fire.
   It protects you from cold.
   It affects your resistance to hostile enchantments.
 Q - a scarf of repulsion (worn)
Magical Staves
 F - an uncursed staff of death
 Y - an uncursed staff of conjuration
Jewellery
 A - an amulet of faith (around neck)
 B - an uncursed ring of protection from cold
 G - a +2 ring of slaying (left hand)
 L - the ring "Ziebbajien" (right hand) {rElec rCorr Int+4}
   (You found it in a Gauntlet)

   [ring of resist corrosion]

   It affects your intelligence (+4).
   It insulates you from electricity.
   It provides partial protection from all sources of acid and corrosion.
 M - an uncursed ring of positive energy
 V - an uncursed ring of poison resistance
Wands
 g - a wand of enslavement (6)
 v - a wand of digging (5)
 y - a wand of paralysis (11)
 R - a wand of polymorph (8)
Scrolls
 b - 7 scrolls of teleportation
 h - 5 scrolls of fog
 k - 11 scrolls of remove curse
 m - 4 scrolls of blinking
 t - 6 scrolls of identify
 N - a scroll of magic mapping
 U - 2 scrolls of amnesia
Potions
 c - a potion of cancellation
 d - 4 potions of mutation
 e - a potion of brilliance
 p - 2 potions of might
 q - 5 potions of flight
 r - a potion of haste
 I - 3 potions of stabbing
 W - a potion of magic
Miscellaneous
 P - a box of beasts
 S - a lamp of fire (inert)
 T - a lightning rod (1/4)
Comestibles
 f - 46 rations


   Skills:
 + Level 17.7 Fighting
 + Level 2.4 Axes
 - Level 12.0 Staves
 - Level 2.0 Throwing
 - Level 4.1 Armour
 - Level 8.0 Dodging
 - Level 4.0 Stealth
 + Level 12.5 Shields
 - Level 8.0 Spellcasting
 + Level 5.3 Necromancy
 - Level 4.0 Invocations
 - Level 4.0 Evocations


You had 26 spell levels left.
You knew the following spells:

 Your Spells              Type           Power        Failure   Level  Hunger
a - Animate Dead          Necr           N/A          14%         4    ###....

Your spell library contained the following spells:

 Spells                   Type           Power        Failure   Level  Hunger
 Foxfire                  Conj/Fire      #...         12%         1    None
 Poisonous Vapours        Pois/Air       #.....       19%         2    None
 Conjure Flame            Conj/Fire      #.......     36%         3    None
 Inner Flame              Hex/Fire       #.......     36%         3    None
 Mephitic Cloud           Conj/Pois/Air  #.......     36%         3    None
 Recall                   Summ/Tloc      N/A          36%         3    None
 Borgnjor's Vile Clutch   Necr/Erth      ###.......   75%         5    #####..
 Sticky Flame             Conj/Fire      #.......     77%         4    ###....
 Summon Lightning Spire   Summ/Air       #.......     77%         4    ###....
 Death Channel            Necr           ####......   91%         6    ######.
 Fireball                 Conj/Fire      #.........   98%         5    #####..
 Irradiate                Conj/Tmut      #.........   98%         5    #####..
 Silence                  Hex/Air        #.........   98%         5    #####..
 Simulacrum               Ice/Necr       ###.......   99%         6    ######.
 Conjure Ball Lightning   Conj/Air       #.........   100%        6    ######.
 Deflect Missiles         Chrm/Air       #.........   100%        6    ######.
 Freezing Cloud           Conj/Ice/Air   #.........   100%        6    ######.
 Hydra Form               Tmut           #.........   100%        6    ######.
 Statue Form              Tmut/Erth      #........    100%        6    ######.
 Dragon Form              Tmut           #.........   100%        7    #######
 Ring of Flames           Chrm/Fire      #.........   100%        7    #######
 Tornado                  Air            #.........   100%        9    #######


Dungeon Overview and Level Annotations

Branches:
Dungeon (14/15)            Temple (1/1) D:5            Lair (6/6) D:9
  Swamp (0/4) Lair:3        Snake (0/4) Lair:4        Slime (0/5) Lair:6
    Orc (2/2) D:9             Elf (0/3) Orc:2        Vaults (0/5) D:13
Volcano (visited)         Gauntlet (visited)

Altars:
Ashenzari
Cheibriados
Dithmenos
Elyvilon
Fedhas
Gozag
Hepliaklqana
Kikubaaqudgha
Makhleb
Nemelex Xobeh
Okawaru
Qazlal
Ru
Sif Muna
Trog
Uskayaw
Vehumet
Wu Jian
Xom
Yredelemnul
Zin
The Shining One
Beogh

Shops:
D:10 [   Orc:2 *?[(

Annotations:
D:5 2 runed translucent doors
D:6 1 runed translucent door, Crazy Yiuf
D:11 1 runed translucent door, Flugslaktarn's ghost, journeyman DDFi
Orc:2 2 transporters, Flugslaktarn's ghost, journeyman DDFi


Innate Abilities, Weirdness & Mutations

You can be seen from farther away. (+LOS)
You can swim through water.
You cover ground slowly.
You can hop long distances.
[You are very clumsy. (Dex -4)]
[You are very frail. (-20% HP)]
[Potions are poor at restoring your health.]


Message History

A +0 war axe.
There is something else lying underneath.
A gateway leading out of the Abyss.
Unknown command.
Your system partially rejects the healing.
You feel much better.
* * * LOW HITPOINT WARNING * * *
You feel extremely sick. You block the meliai's attack.
The meliai barely misses you.
The green very ugly thing punches you but does no damage.
The wretched star glows turbulently.
The lance of force is repelled.
The green very ugly thing pecks you but does no damage.
Okay, then.
Blink to where?
Press: ? - help, Dir - move target cursor You are very lightly contaminated with residual magic.
As you read the scroll of blinking, it crumbles to dust.
A tentacled starspawn, a small abomination and a meliai come into view.
You die...

xy#%Du#yy.#... . . ?
.. #§*y#... .. #.# ..
. ##.###u###.###.# #.
.. ..#...#x*{#...#..
# .##.
.X.....y..X........ #
##.
.y......∩.....###..
###.
...#........2..#.....
... .................
..... {
..#.?..@#.....#..
.3###
..###...###...##.)..#
#.. . ##.# ##.##
#..## # # #.. ... ##
.X ###. #..
....#.....#.. .... ..
... # ..#.
..#.....#... ..###
...# # ..##2. .# ##.
# .#


You could see 2 very ugly things, a cacodemon, a tentacled starspawn
(wandering), 2 wretched stars, a large abomination, 2 small abominations, 2
meliai and 3 killer bees.

Vanquished Creatures
  An orc warlord (Orc:2)
  A minotaur (Gauntlet)
  Snorg (Orc:1)
  A catoblepas (D:12)
  A vault guard (D:13)
  2 centaur warriors
  3 death yaks
  A deep troll shaman (Lair:6)
  6 two-headed ogres
  An ogre mage (Orc:2)
  A large abomination (Abyss:3)
  An orc knight (Orc:2)
  An oklob plant (Lair:3)
  A deep elf mage (D:13)
  A moth of wrath (Gauntlet)
  An orc sorcerer (D:13)
  A manticore (Lair:2)
  2 worldbinders (Abyss:3)
  3 centaur zombies
  Maurice (D:8)
  2 elephants
  10 spiny frogs
  A torpor snail (Lair:4)
  A gargoyle (D:13)
  A smoke demon (Abyss:3)
  A molten gargoyle (Volcano)
  Maggie (D:6)
  3 kobold demonologists (D:12)
  2 komodo dragons
  3 rime drakes
  A queen bee (Lair:2)
  4 trolls
  2 meliai (Abyss:3)
  9 blink frogs
  A tyrant leech (Lair:4)
  6 hippogriffs
  A ynoxinul (Abyss:3)
  2 shadows
  2 wyverns (D:8)
  Sigmund (D:6)
  38 yaks
  A spriggan (D:8)
  3 wraiths (Lair:5)
  A fire bat (Volcano)
  A basilisk (Lair:2)
  2 vampire mosquitoes (D:12)
  2 swamp worms (Lair:4)
  Menkaure (D:7)
  6 hungry ghosts
  A steam dragon (Lair:2)
  4 soldier ants (Lair:3)
  An acid dragon (D:12)
  21 water moccasins
  5 porcupines
  A hell hound (Lair:1)
  6 ice beasts
  4 sky beasts
  18 orc warriors
  2 black bears
  8 ogres
  26 wolves
  4 phantoms
  12 centaurs
  14 crocodiles
  3 big kobolds
  11 bullfrogs
  4 small abominations (Abyss:3)
  An earth elemental (Volcano)
  A wyvern skeleton (D:8)
  5 scorpions
  2 troll zombies (D:9)
  34 killer bees
  A howler monkey (D:7)
  4 crimson imps (D:8)
  2 lava snakes (Volcano)
  2 bullfrog zombies
  7 hounds
  2 jellies (D:10)
  15 orc priests
  2 gnoll shamans
  9 orc wizards
  A bullfrog skeleton (D:11)
  5 iguanas
  A hell rat (D:9)
  23 worker ants
  A killer bee zombie (D:8)
  4 ogre zombies (D:9)
  A hound zombie (D:5)
  2 hound skeletons
  A worker ant zombie (D:6)
  17 adders
  16 gnolls
  A howler monkey skeleton (D:7)
  A river rat (D:9)
  2 shadow imps
  An ufetubus (Abyss:3)
  2 oozes (D:3)
  An adder skeleton (D:9)
  2 worms
  3 dart slugs
  3 leopard geckos
  52 orcs
  8 bats
  3 giant cockroaches
  8 goblins
  8 hobgoblins
  13 jackals
  7 quokkas
  4 ball pythons
  7 frilled lizards
  A goblin skeleton (D:9)
  3 goblin zombies (D:9)
  2 hobgoblin skeletons (D:9)
  A hobgoblin zombie (D:9)
  A jackal skeleton (D:6)
  12 kobolds
  3 orc skeletons (D:9)
  13 orc zombies (D:9)
  A quokka skeleton (D:4)
  3 rats
  2 fungi
  3 plants (Lair:4)
615 creatures vanquished.

Vanquished Creatures (collateral kills)
  A stone giant (Volcano)
  Josephine (Lair:5)
  Erolcha (D:9)
  A vault guard (D:13)
  4 hydras
  A catoblepas (Lair:6)
  A queen ant (Lair:3)
  2 two-headed ogres
  4 death yaks
  An orc high priest (Orc:2)
  Urug (D:10)
  2 skeletal warriors (D:12)
  An orc sorcerer (Orc:2)
  3 elephants (Lair:6)
  2 black mambas
  A guardian serpent (Orc:2)
  A rust devil (Abyss:3)
  3 spiny frogs
  A gargoyle (Volcano)
  A molten gargoyle (Volcano)
  2 minotaur zombies (Gauntlet)
  2 komodo dragons
  6 blink frogs
  2 shadows (Gauntlet)
  A vampire (D:12)
  9 yaks
  A fire bat (Volcano)
  A basilisk (shapeshifter) (Gauntlet)
  2 basilisks (Lair:2)
  4 small abominations (Abyss:3)
  A warg (Orc:2)
  A hell hound (Lair:1)
  7 soldier ants (Lair:3)
  7 orc warriors
  2 sky beasts
  5 wolves
  3 ogres (Orc:2)
  3 crocodiles
  A big kobold (D:12)
  2 bullfrogs
  A scorpion (D:12)
  A killer bee (D:10)
  A crimson imp (D:11)
  A lava snake (Volcano)
  A jelly (D:12)
  4 orc priests (Orc:2)
  3 orc wizards (Orc:2)
  8 worker ants (Lair:3)
  2 ogre zombies (D:9)
  32 orcs
  2 kobolds (D:12)
  A leopard gecko zombie (D:9)
  2 orc zombies (D:9)
  A fungus (Lair:6)
155 creatures vanquished.

Vanquished Creatures (others)
  A lindwurm (Lair:6)
  2 gargoyles (Volcano)
  An efreet (Volcano)
  5 soldier ants (Lair:3)
  A swamp worm (Lair:4)
  A small abomination (Abyss:3)
  4 orc warriors (Orc:2)
  3 fungi
  21 plants
39 creatures vanquished.

Grand Total: 809 creatures vanquished

Notes
Turn   | Place    | Note
-------+----------+-------------------------------------------
     0 | D:1      | Dustman the Barachi Gladiator began the quest for the Orb.
     0 | D:1      | Reached XP level 1. HP: 17/17 MP: 1/1
   163 | D:1      | Reached XP level 2. HP: 20/23 MP: 2/2
   282 | D:1      | Reached skill level 1 in Armour
   414 | D:1      | Reached XP level 3. HP: 27/28 MP: 3/3
   464 | D:2      | Reached skill level 1 in Stealth
   532 | D:2      | Reached skill level 3 in Fighting
   616 | D:2      | Reached XP level 4. HP: 12/35 MP: 4/4
  1122 | D:3      | Reached XP level 5. HP: 37/41 MP: 5/5
  1518 | D:4      | Reached XP level 6. HP: 40/48 MP: 6/6
  1553 | D:5      | Entered Level 5 of the Dungeon
  1582 | D:5      | Reached skill level 4 in Fighting
  1594 | D:5      | Found a staircase to the Ecumenical Temple.
  1594 | D:5      | Noticed a sky beast
  1864 | Temple   | Entered the Ecumenical Temple
  1881 | Temple   | Became a worshipper of Makhleb the Destroyer
  1979 | D:6      | Noticed Maggie
  1989 | D:6      | Killed Maggie
  1989 | D:6      | Reached skill level 1 in Evocations
  1989 | D:6      | Reached XP level 7. HP: 55/55 MP: 6/8
  2137 | D:6      | Reached skill level 5 in Staves
  2137 | D:6      | Reached skill level 5 in Dodging
  2187 | D:5      | Found a shimmering blue altar of Sif Muna.
  2252 | D:6      | Reached skill level 5 in Fighting
  2252 | D:6      | Reached XP level 8. HP: 44/62 MP: 9/9
  2367 | D:5      | Found a basalt altar of Yredelemnul.
  2367 | D:5      | Found an ornate altar of the Wu Jian Council.
  2368 | D:5      | Found an ancient bone altar of Kikubaaqudgha.
  2406 | D:5      | Found a runed translucent door.
  2407 | D:5      | Found a runed translucent door.
  2562 | D:6      | Noticed Sigmund
  2571 | D:6      | Killed Sigmund
  2903 | D:7      | Reached skill level 6 in Fighting
  2911 | D:7      | Reached * piety under Makhleb
  2967 | D:7      | Reached XP level 9. HP: 16/71 MP: 12/12
  3336 | D:7      | Reached skill level 7 in Fighting
  3336 | D:7      | Reached skill level 1 in Invocations
  3415 | D:9      | Found a staircase to the Lair.
  3415 | D:9      | Noticed a death yak
  3415 | D:9      | Noticed a death yak
  3415 | D:9      | Noticed a death yak
  3792 | D:6      | Found a runed translucent door.
  3793 | D:6      | Noticed Crazy Yiuf
  3943 | D:8      | Reached skill level 8 in Fighting
  3954 | D:8      | Noticed Maurice
  4109 | D:8      | Reached ** piety under Makhleb
  4192 | D:8      | Reached XP level 10. HP: 69/82 MP: 13/13
  4308 | D:7      | Noticed Menkaure
  4389 | D:7      | Killed Menkaure
  4691 | D:8      | Reached skill level 9 in Fighting
  4787 | D:8      | Identified the +4 spear "Ygaseuxow" {vorpal, Int+3}
  4807 | D:8      | Killed Maurice
  4856 | D:8      | Found an iron altar of Okawaru.
  4928 | D:9      | Found a sacrificial altar of Ru.
  5223 | D:9      | Reached skill level 10 in Fighting
  5292 | D:9      | Found a shattered altar of Ashenzari.
  5315 | D:9      | Reached *** piety under Makhleb
  5345 | D:9      | Noticed Erolcha
  5724 | D:9      | Reached skill level 10 in Staves
  6094 | D:9      | Reached **** piety under Makhleb
  6151 | D:9      | Noticed a two-headed ogre
  6166 | D:9      | Killed a two-headed ogre
  6226 | D:9      | Killed Erolcha
  6226 | D:9      | Reached skill level 11 in Fighting
  6226 | D:9      | Reached XP level 11. HP: 50/93 MP: 14/14
  6243 | D:9      | Found a staircase to the Orcish Mines.
  6299 | D:9      | Killed a death yak
  6303 | D:9      | Killed a death yak
  6325 | Orc:1    | Entered Level 1 of the Orcish Mines
  6356 | Orc:1    | Noticed a two-headed ogre
  6372 | Orc:1    | Killed a two-headed ogre
  6440 | Orc:1    | Noticed Snorg
  6453 | Orc:1    | Killed Snorg
  6704 | D:9      | Killed a death yak
  6912 | D:10     | Entered Level 10 of the Dungeon
  6942 | D:10     | Reached skill level 12 in Fighting
  6986 | D:10     | Noticed a two-headed ogre
  6997 | D:10     | Killed a two-headed ogre
  7016 | D:10     | Found Net Nuqoirch's Antique Armour Boutique.
  7566 | D:10     | Noticed Urug
  7624 | D:10     | Killed Urug
  7741 | D:10     | Bought the +2 shield of Resistance {rF+ rC+ MR+} for 863
                  | gold pieces
  7741 | D:10     | Found the +2 shield of Resistance {rF+ rC+ MR+}
  7844 | D:11     | Noticed a two-headed ogre
  7856 | D:11     | Killed a two-headed ogre
  7856 | D:11     | Reached skill level 1 in Shields
  7856 | D:11     | Reached skill level 1 in Spellcasting
  7937 | D:12     | Noticed a skeletal warrior
  7960 | D:12     | Killed a skeletal warrior
  7960 | D:12     | Reached skill level 13 in Fighting
  7960 | D:12     | Reached XP level 12. HP: 68/105 MP: 15/15
  8269 | D:12     | Noticed a two-headed ogre
  8270 | D:12     | Noticed a five-headed hydra
  8287 | D:12     | Killed a five-headed hydra
  8308 | D:12     | Killed a two-headed ogre
  8409 | D:12     | You fall into a shaft and drop 1 floor!
  8410 | D:13     | Noticed an ogre mage
  8410 | D:13     | Noticed a vault guard
  8596 | D:14     | Noticed a centaur warrior
  8603 | D:14     | Killed a centaur warrior
  8715 | D:13     | Noticed a five-headed hydra
  8721 | D:13     | Killed a five-headed hydra
  8838 | D:13     | Reached skill level 5 in Shields
  8877 | D:13     | Reached skill level 5 in Spellcasting
  8956 | D:12     | Found a sacrificial altar of Ru.
  8966 | D:12     | Noticed a catoblepas
  9000 | D:12     | Killed a catoblepas
  9000 | D:12     | Reached skill level 14 in Fighting
  9061 | D:12     | Noticed a soul eater
  9061 | D:12     | Noticed a sun demon
  9185 | D:12     | Found a sacrificial altar of Ru.
  9379 | D:11     | Noticed a two-headed ogre
  9392 | D:11     | Killed a two-headed ogre
  9479 | D:11     | Noticed Flugslaktarn's ghost (journeyman DDFi)
  9480 | D:11     | Found a runed translucent door.
  9482 | D:11     | Identified the +3 trident of Profit {speed, rN+ MR+ Str+2}
  9858 | Lair:1   | Entered Level 1 of the Lair of Beasts
  9892 | Lair:1   | Gained mutation: You can hop long distances. [Barachi
                  | growth]
  9892 | Lair:1   | Reached XP level 13. HP: 101/114 MP: 22/22
 10037 | Lair:1   | Found a dark tunnel.
 10072 | Volcano  | Entered a volcano
 10147 | Volcano  | Found a bloodstained altar of Trog.
 10199 | Volcano  | Noticed a stone giant
 10220 | Volcano  | Killed a stone giant
 10745 | Lair:1   | Identified the +11 hunting sling of Fiej {venom, rElec rC++
                  | Int+4} (You found it on level 1 of the Lair of Beasts)
 11173 | Lair:3   | Reached skill level 15 in Fighting
 11329 | Lair:3   | Found a gate leading to a gauntlet.
 11339 | Gauntlet | Entered a Gauntlet
 11339 | Gauntlet | Found a transporter.
 11339 | Gauntlet | Found a transporter.
 11344 | Gauntlet | Found a transporter.
 11376 | Gauntlet | Found a transporter.
 11376 | Gauntlet | Found a transporter.
 11383 | Gauntlet | Found a transporter.
 11391 | Gauntlet | Found a transporter.
 11402 | Gauntlet | Found a transporter.
 11402 | Gauntlet | Found a transporter.
 11412 | Gauntlet | Found a transporter.
 11412 | Gauntlet | Found a transporter.
 11412 | Gauntlet | Noticed a green death
 11439 | Gauntlet | Found a transporter.
 11486 | Gauntlet | Got a heavily runed golden ring
 11493 | Gauntlet | Found a transporter.
 11508 | Gauntlet | Identified the ring "Ziebbajien" {rElec rCorr Int+4} (You
                  | found it in a Gauntlet)
 11517 | Gauntlet | Found a transporter.
 11839 | Gauntlet | Noticed a minotaur
 11858 | Gauntlet | Killed a minotaur
 12052 | Lair:3   | Found a staircase to the Swamp.
 12447 | Lair:3   | Identified the cursed +1 hunting sling of Darkness {venom,
                  | rC+ MR+ MP+9 Str+3} (You found it on level 3 of the Lair of
                  | Beasts)
 13348 | Lair:5   | Reached skill level 16 in Fighting
 13365 | Lair:5   | Reached skill level 10 in Shields
 13370 | Lair:5   | Reached XP level 14. HP: 81/125 MP: 26/26
 13629 | Lair:5   | Noticed Josephine
 13639 | Lair:5   | Killed Josephine
 13823 | Lair:6   | Entered Level 6 of the Lair of Beasts
 14048 | Lair:6   | Found a staircase to the Slime Pits.
 14173 | Lair:6   | Learned a level 4 spell: Animate Dead
 14445 | Lair:6   | Reached skill level 1 in Necromancy
 14746 | Lair:4   | Found an iron altar of Okawaru.
 14883 | Lair:4   | Found a staircase to the Snake Pit.
 15799 | Lair:2   | Reached skill level 17 in Fighting
 15961 | Lair:2   | Reached ***** piety under Makhleb
 16441 | Orc:2    | Entered Level 2 of the Orcish Mines
 16441 | Orc:2    | Found a staircase to the Elven Halls.
 16582 | Orc:2    | Found a roughly hewn altar of Beogh.
 16605 | Orc:2    | Found a roughly hewn altar of Beogh.
 16690 | Orc:2    | Found a roughly hewn altar of Beogh.
 16750 | Orc:2    | Found a roughly hewn altar of Beogh.
 16750 | Orc:2    | Found Imeroas's Magic Scroll Emporium.
 16813 | Orc:2    | Found a transporter.
 16814 | Orc:2    | Found the +5 robe of Night {Dark MR+ SInv}
 16821 | Orc:2    | Noticed Flugslaktarn's ghost (journeyman DDFi)
 16985 | Orc:2    | Found a transporter.
 17232 | Orc:2    | Found a roughly hewn altar of Beogh.
 17255 | Orc:2    | Found a roughly hewn altar of Beogh.
 17373 | Orc:2    | Noticed an orc warlord
 17434 | Orc:2    | Killed an orc warlord
 17434 | Orc:2    | Reached XP level 15. HP: 134/134 MP: 27/27
 17460 | Orc:2    | Found Fyint's Antique Armour Shoppe.
 17464 | Orc:2    | Found Vadem's Antique Weapon Emporium.
 17465 | Orc:2    | Found a roughly hewn altar of Beogh.
 17621 | Orc:2    | Found a roughly hewn altar of Beogh.
 17668 | Orc:2    | Found Nujiagoc's General Store.
 17673 | Orc:2    | Bought the +8 mithril axe "Arga" {speed, MR+} for 839 gold
                  | pieces
 17673 | Orc:2    | Found the +8 mithril axe "Arga" {speed, MR+}
 17737 | Orc:2    | Bought a scroll of blinking for 127 gold pieces
 17737 | Orc:2    | Bought a scroll of teleportation for 51 gold pieces
 17737 | Orc:2    | Bought a scroll of blinking for 127 gold pieces
 18046 | D:13     | Reached skill level 1 in Axes
 18067 | D:13     | Reached skill level 5 in Necromancy
 18105 | D:13     | Found a gate to the Vaults.
 18105 | D:13     | Cast into level 3 of the Abyss (ogre mage)
 18277 | Abyss:3  | Noticed a cacodemon
 18283 | Abyss:3  | Noticed a bone dragon
 18293 | Abyss:3  | Noticed a tentacled starspawn
 18293 | Abyss:3  | Succumbed to a green very ugly thing's poison

Levels and vault maps discovered:
D:1:      psy_arrival_dodecagon, layout_basic, hex_large,
          minmay_misc_feat_square, chequers_garden, glass_columns_a
D:2:      layout_rooms, kennysheep_nondescript
D:3:      layout_loops_ring, first_ration
D:4:      layout_loops_ring, corner_web_ring
D:5:      lemuel_insect_pit, layout_cave_pools, nicolae_overflow_hidden_temple,
          gammafunk_temple_overflow_claw, minmay_temple_entry_large_hall
D:6:      layout_loops_cross, serial_park_tiny_1, uniq_crazy_yiuf_cottage,
          uniq_sigmund, uniq_maggie
D:7:      layout_loops_ring, serial_bayou, serial_bayou_shore_a,
          serial_bayou_shore_b, serial_bayou_ford_a, serial_bayou_pond_b,
          serial_bayou_pond_e, serial_bayou_pond_d, uniq_menkaure
D:8:      layout_gridville, kennysheep_mini_moat, grunt_pizzeria, uniq_maurice
D:9:      layout_basic, kennysheep_mini, old_standard_altar, dpeg_lair_monsters,
          zombieorc2_lemuel, minmay_microvault, uniq_erolcha
D:10:     layout_loops_cross, serial_shops, shop, minmay_unpleasant_kobolds,
          uniq_urug
D:11:     layout_long_grid, ebering_ghost_funeral_grove
D:12:     layout_roguey, basic_altar, nicolae_ru_the_path_less_chosen,
          uniq_psyche
D:13:     layout_roguey, grunt_vaults_entry_fortified, serial_shops,
          nicolae_shop_waterfront
D:14:     layout_roguey, basic_altar, minmay_statues_item, uniq_rupert,
          uniq_jorgrun, uniq_azrael
Temple:   minmay_freezing_vapour_temple
Lair:1:   layout_chaotic_city, enter_volcano_3, lemuel_fruit_fields,
          serial_bayou_shore_b, grunt_megastairs_2
Lair:2:   regret_index_combs_of_tragedy, layout_big_grid
Lair:3:   layout_roguey, minmay_swamp_entry_worms, gauntlet_entry_generic,
          small_statue_intersection, zaba_anthell, minmay_lair_oklob_chamber,
          grunt_megastairs_4, serial_bayou_shore_b
Lair:4:   wad_woods_stonehenge, layout_small_grid,
          minmay_snake_entry_six_corridors, worms_lemuel, lemuel_fruit_tree,
          lemuel_fruit_fields, serial_bayou_shore_b
Lair:5:   layout_misc_corridors, grunt_megastairs_1, uniq_josephine
Lair:6:   grunt_lair_end_beastmaster, layout_cave_pods, dpeg_slime_entry_corner,
          minivault_25, serial_bayou_pond_d
Orc:1:    layout_diamond_mine, uniq_snorg
Orc:2:    grunt_orc_community_town_hall, layout_caves,
          grunt_orc_community_big_house_2, grunt_orc_community_big_house_1,
          grunt_orc_community_house_3, grunt_orc_community_house_2,
          grunt_orc_community_house_3, grunt_orc_community_house_3,
          gammafunk_ghost_berserking_beasts, mines2_david
Abyss:3:  base: D:2, grunt_abyss_rune_wretched_hive

Skill      XL: |  1  2  3  4  5  6  7  8  9 10 11 12 13 14 15 |
---------------+----------------------------------------------+-----
Armour         | 1 2 3 4 |  4.1
Stealth        | 1 2 3 4 |  4.0
Fighting       | 3 4 5 6 8 11 13 14 16 17 | 17.7
Dodging        | 4 5 6 7 8 |  8.0
Staves         | 4 5 6 8 10 12 | 12.0
Evocations     | 1 2 4 |  4.0
Invocations    | 3 4 |  4.0
Shields        | 1 6 10 12 | 12.5
Spellcasting   | 1 6 8 |  8.0
Necromancy     | 4 5 |  5.3
Axes           | 2 |  2.4
Throwing       | |  2.0

Action                   |  1- 3 |  4- 6 |  7- 9 | 10-12 | 13-15 || total
-------------------------+-------+-------+-------+-------+-------++-------
Melee: Quarterstaff      |   114 |   174 |   346 |   847 |  1474 ||  2955
       Staff             |       |       |       |       |    43 ||    43
       Broad axe         |       |       |       |       |    67 ||    67
Throw: Throwing net      |       |     1 |       |     1 |       ||     2
 Cast: Animate Dead      |       |       |       |       |     4 ||     4
Invok: Lesser Servant of |       |       |       |    32 |    64 ||    96
       Minor Destruction |       |       |       |    15 |     9 ||    24
 Abil: Hop               |       |     1 |     2 |     5 |     7 ||    15
Evoke: Wand              |       |     1 |     8 |    38 |    47 ||    94
       Lightning rod     |       |       |       |       |     9 ||     9
       Lamp of fire      |       |       |       |       |     1 ||     1
  Use: Potion            |       |     4 |     2 |     2 |    11 ||    19
       Scroll            |       |     8 |     1 |    16 |    14 ||    39
 Stab: Paralysed         |       |     5 |    16 |       |     6 ||    27
       Sleeping          |       |       |     8 |    11 |    11 ||    30
       Distracted        |       |       |       |     4 |    19 ||    23
       Invisible         |       |       |       |       |     1 ||     1
  Eat: Chunk             |       |     2 |     7 |     7 |    21 ||    37
       Ration            |       |     1 |     1 |     6 |     3 ||    11
Armor: Ring mail         |    57 |    28 |       |       |       ||    85
       Scale mail        |       |    54 |    17 |       |       ||    71
       Steam dragon scal |       |       |    69 |   224 |   373 ||   666
Dodge: Dodged            |    83 |    94 |   189 |   489 |   798 ||  1653
       Deflected         |       |       |       |       |    19 ||    19
Block: Kite shield       |       |       |       |       |    78 ||    78

Table legend:
 A = Non-vault XP
 B = Vault XP
 C = Vault XP percentage of total XP
 D = Non-vault monster count
 E = Vault monster count
 F = Vault count percentage of total count
                 A         B        C        D         E       F
            +---------+---------+-------+---------+---------+-------
      Total |   55534 |   38713 |  41.1 |     480 |     290 |  37.7
            +---------+---------+-------+---------+---------+-------
        D:1 |      34 |       0 |   0.0 |      19 |       0 |   0.0
        D:2 |     100 |       0 |   0.0 |      24 |       0 |   0.0
        D:3 |      37 |       0 |   0.0 |      12 |       0 |   0.0
        D:4 |     201 |       0 |   0.0 |      13 |       0 |   0.0
        D:5 |     307 |       0 |   0.0 |       6 |       0 |   0.0
        D:6 |     926 |     605 |  39.5 |      22 |       2 |   8.3
        D:7 |    1170 |     384 |  24.7 |      26 |       5 |  16.1
        D:8 |    1826 |     680 |  27.1 |      36 |       2 |   5.3
        D:9 |    1964 |    3075 |  61.0 |      25 |      46 |  64.8
       D:10 |    3388 |     618 |  15.4 |      38 |       7 |  15.6
       D:11 |    3084 |       0 |   0.0 |      27 |       0 |   0.0
       D:12 |    5809 |       0 |   0.0 |      31 |       0 |   0.0
       D:13 |    5682 |    2132 |  27.3 |      26 |       5 |  16.1
       D:14 |    1467 |       0 |   0.0 |       3 |       0 |   0.0
     Lair:1 |    2779 |     921 |  24.9 |      15 |       5 |  25.0
     Lair:2 |    3998 |    6155 |  60.6 |      23 |      46 |  66.7
     Lair:3 |    4100 |    3290 |  44.5 |      26 |      39 |  60.0
     Lair:4 |    1437 |    2365 |  62.2 |      11 |      20 |  64.5
     Lair:5 |    2559 |    1237 |  32.6 |      12 |       5 |  29.4
     Lair:6 |    6071 |    5629 |  48.1 |      27 |      16 |  37.2
      Orc:1 |    1155 |     784 |  40.4 |       6 |       1 |  14.3
      Orc:2 |    4403 |    4788 |  52.1 |      37 |      65 |  63.7
    Abyss:3 |    3037 |     594 |  16.4 |      15 |       2 |  11.8
    Volcano |       0 |    2360 | 100.0 |       0 |      12 | 100.0
   Gauntlet |       0 |    3096 | 100.0 |       0 |      12 | 100.0
            +---------+---------+-------+---------+---------+-------
